 Dungeon Crawl Stone Soup version 0.19-a0-488-gf8766cc (webtiles) character file.

37944 richardnixon the Brawler (level 13, -1/114 HPs)
             Began as a Ghoul Monk on June 5, 2016.
             Was the Champion of Qazlal.
             Shot with an arrow by Nessos (8 damage)
             ... on level 6 of the Lair of Beasts.
             The game lasted 00:37:32 (17221 turns).

richardnixon the Brawler (Ghoul Monk)              Turns: 17221, Time: 00:37:32

Health: -1/114     AC: 22    Str: 26    XL:     13   Next: 99%
Magic:  0/20       EV: 10    Int:  6    God:    Qazlal [******]
Gold:   641        SH:  8    Dex: 18    Spells: 0 memorised, 12 levels left

rFire  . . .     SeeInvis .       - Unarmed
rCold  + . .     Gourm    .     y - +2 chain mail {MR+}
rNeg   + + +     Faith    .     (no shield)
rPois  ∞         Spirit   +     R - +0 hat {MR+}
rElec  .         Dismiss  .     V - +1 cloak
rCorr  .         Reflect  .     (no gloves)
SustAt .         Harm     .     E - +2 pair of boots
MR     ++...                    f - amulet of guardian spirit
Stlth  +.........               e - ring of stealth
                                n - +4 ring of strength

@: mighty, agile, protected from physical damage, rotting, repel missiles, very
resistant to hostile enchantments, very unstealthy
A: rotting body, claws 1, carnivore 3, cold resistance 1, negative energy
resistance 3, slow regeneration 1, torment resistance, unbreathing
a: Upheaval, Elemental Force, Disaster Area, Renounce Religion


You were on level 6 of the Lair of Beasts.
You worshipped Qazlal.
Qazlal was exalted by your worship.
You were not hungry.

You visited 2 branches of the dungeon, and saw 18 of its levels.
You also visited: Ossuary.

You collected 988 gold pieces.
You spent 347 gold pieces at shops.

Inventory:

Missiles
 a - 4 javelins (quivered)
Armour
 m - a +0 helmet
 s - a +0 cloak
 v - a +0 buckler
 y - a +2 chain mail of magic resistance (worn)
 E - a +2 pair of boots (worn)
 R - a +0 hat of magic resistance (worn)
 V - a +1 cloak (worn)
Jewellery
 e - a ring of stealth (right claw)
 f - an amulet of guardian spirit (around neck)
 l - an uncursed amulet of regeneration
 n - a +4 ring of strength (left claw)
 o - an uncursed ring of ice
 D - a +2 amulet of reflection
 J - an uncursed ring of ice
Wands
 c - a wand of confusion (20/48)
 r - a wand of flame (34/48)
 x - a wand of iceblast (15/15)
 I - a wand of teleportation (4/9)
 P - a wand of lightning (9/15)
 S - a wand of lightning (9/15)
 U - a wand of acid (8/15)
Scrolls
 d - 12 scrolls of remove curse
 i - 6 scrolls of teleportation
 B - a scroll of amnesia
 F - a scroll of recharging
 G - 3 scrolls of identify
 H - 3 scrolls of fog {unknown}
 L - 2 scrolls of fear
 M - 2 scrolls of vulnerability {unknown}
 O - 2 scrolls of magic mapping
 T - a scroll of blinking
Potions
 h - 4 potions of cancellation
 p - 2 potions of flight
 q - 2 potions of might
 u - 5 potions of invisibility
 w - 2 potions of resistance
 z - 8 potions of curing
 A - 2 potions of magic
 C - 2 potions of brilliance
 N - a potion of heal wounds
Books
 k - a book of Frost

   Spells                             Type                      Level
   a - Freeze                         Ice                          1
   b - Throw Frost                    Conjuration/Ice              2
   c - Ozocubu's Armour               Charms/Ice                   3
   d - Throw Icicle                   Conjuration/Ice              4
   e - Summon Ice Beast               Ice/Summoning                4
 K - a book of Death

   Spells                             Type                      Level
   a - Corpse Rot                     Necromancy                   2
   b - Sublimation of Blood           Necromancy                   2
   c - Agony                          Necromancy                   5
   d - Dispel Undead                  Necromancy                   5
   e - Excruciating Wounds            Charms/Necromancy            5
   f - Bolt of Draining               Conjuration/Necromancy       5
 Q - a book of Dreams

   Spells                             Type                      Level
   a - Ensorcelled Hibernation        Hexes/Ice                    2
   b - Silence                        Hexes/Air                    5
   c - Darkness                       Hexes                        6
   d - Shadow Creatures               Summoning                    6
Comestibles
 b - 10 meat rations
 j - 8 beef jerkies
 t - 10 slices of pizza


   Skills:
 + Level 10.7 Fighting
 + Level 9.6 Armour
 - Level 2.6 Dodging
 - Level 2.1 Stealth
 + Level 2.6 Shields
 + Level 16.6 Unarmed Combat
 + Level 11.8 Invocations


You had 12 spell levels left.
You didn't know any spells.

Dungeon Overview and Level Annotations

Branches:
Dungeon (12/15)            Temple (0/1) D:5            Lair (6/8) D:11
 Shoals (0/4) Lair:5       Spider (0/4) Lair:3
  Slime: Lair:6-8       Orc: D:9-12

Altars:
Cheibriados
Dithmenos
Elyvilon
Fedhas
Hepliaklqana
Makhleb
Nemelex Xobeh
Okawaru
Qazlal
Ru
Sif Muna
Vehumet
Yredelemnul
Zin
The Shining One

Shops:
D:7 :!(   D:8 ::=*[

Annotations:
D:3 1 exclusion
Lair:6 Nessos, Rupert


Innate Abilities, Weirdness & Mutations

Your body is rotting away.
You thrive on raw meat.
You are immune to poison.
You have sharp fingernails.
You are carnivorous and can eat meat at any time.
Your flesh is cold resistant. (rC+)
You are immune to negative energy. (rN+++)
You regenerate slowly when monsters are visible.
You are immune to unholy pain and torment.
You can survive without breathing.


Message History

The arrow burns you.
* * * LOW HITPOINT WARNING * * *
The black mamba bites you but does no damage.
The wyvern is engulfed in freezing vapours.
Nessos shoots an arrow.
The arrow hits you!
* * * LOW HITPOINT WARNING * * *
Your resistance to physical damage fades away.
You feel protected from fire. The arrow burns you.
* * * LOW HITPOINT WARNING * * *
The boulder beetle bites you!
* * * LOW HITPOINT WARNING * * *
Your resistance to fire fades away.
You feel protected from physical attacks.
The black mamba bites you.
* * * LOW HITPOINT WARNING * * *
There is a stone staircase leading up, spattered with blood here.
You see here an arrow.
Nessos shoots an arrow.
The arrow hits you!
You die...

#....#P.........
#...............
......(@.......#
.......†.†......
......#.(.....#
.........†...#..
.....§.§.§#P..##
....#.PlBt......
..#.§S@#..#....
. ##.§....P....
.P.#c§........
.....##.#.......
(... ..........
... P###....#.
... # ....#
.....


You could see Rupert, a boulder beetle, Nessos, a black mamba, a crocodile and a
wyvern.

Vanquished Creatures
  Gastronok (Lair:2)
  Erolcha (D:8)
  Harold (Lair:2)
  Fannar (Lair:1)
  2 hydras
  An unseen horror (D:11)
  5 hill giants
  Pikel (D:4)
  A cyclops (D:11)
  3 black mambas
  The ghost of Nyaaners the Grappler, a novice NaMo (Ossuary)
  Psyche (D:8)
  3 gargoyles
  8 spiny frogs
  A kobold demonologist (D:11)
  4 komodo dragons
  A rime drake (Lair:5)
  2 trolls
  A two-headed ogre (D:10)
  A polar bear (Lair:5)
  13 blink frogs
  2 wyverns
  A shadow (D:11)
  A wraith (D:11)
  A hungry ghost (D:8)
  4 basilisks
  43 yaks
  A human (D:7)
  A steam dragon (D:11)
  12 hippogriffs
  A mottled dragon (D:11)
  9 water moccasins
  Duvessa (D:7)
  6 porcupines
  5 orc warriors
  2 slaves (D:4)
  4 sky beasts
  7 black bears
  3 phantoms
  4 ice beasts
  6 ogres
  6 wolves (Lair:2)
  7 centaurs
  9 crocodiles
  2 big kobolds (D:11)
  12 giant frogs
  Dowan (D:7)
  6 scorpions
  A water moccasin skeleton (D:10)
  5 wights (D:6)
  A howler monkey (D:7)
  An electric eel (D:11)
  7 crimson imps
  4 giant frog zombies
  A centaur zombie (Ossuary)
  2 quasits (D:10)
  5 hounds
  8 orc wizards
  6 orc priests
  2 giant frog skeletons (D:9)
  Crazy Yiuf (D:5)
  14 iguanas
  6 worker ants
  2 killer bee zombies (Ossuary)
  9 sheep
  4 hound zombies
  11 mummies (Ossuary)
  3 worker ant zombies (Ossuary)
  2 howler monkey zombies
  68 river rats
  14 adders
  5 shadow imps
  2 oozes
  4 adder zombies
  A worm (D:4)
  6 giant geckos
  37 orcs
  4 giant cockroaches
  6 goblins
  6 hobgoblins
  8 jackals
  3 quokkas
  5 ball pythons
  12 bats
  5 giant newts
  2 jackal zombies (Ossuary)
  20 kobolds
  A quokka skeleton (D:8)
  A quokka zombie (D:8)
  10 rats
  A butterfly (Lair:1)
  28 fungi
  19 plants
573 creatures vanquished.

Vanquished Creatures (others)
  A hound (D:11)
  A dart slug (D:4)
  A ball python (D:4)
  9 fungi
  6 plants
  2 withered plants (Ossuary)
20 creatures vanquished.

Grand Total: 593 creatures vanquished

Notes
Turn   | Place    | Note
--------------------------------------------------------------
     0 | D:1      | richardnixon the Ghoul Monk began the quest for the Orb.
     0 | D:1      | Reached XP level 1. HP: 19/19 MP: 0/0
    43 | D:1      | Reached XP level 2. HP: 19/26 MP: 1/1
    58 | D:1      | Reached skill level 5 in Unarmed Combat
   402 | D:1      | Reached XP level 3. HP: 27/31 MP: 2/2
   846 | D:2      | Found a shadowy altar of Dithmenos.
  1149 | D:2      | Found a blossoming altar of Fedhas.
  1151 | D:2      | Found a radiant altar of Vehumet.
  1606 | D:2      | Reached skill level 6 in Unarmed Combat
  1606 | D:2      | Reached XP level 4. HP: 28/38 MP: 3/3
  2044 | D:3      | Noticed an ice beast
  2067 | D:3      | Killed an ice beast
  2067 | D:3      | Reached skill level 7 in Unarmed Combat
  2067 | D:3      | Reached XP level 5. HP: 16/45 MP: 4/4
  3024 | D:4      | Found a sand-covered staircase.
  3038 | Ossuary  | Entered an ossuary
  3169 | Ossuary  | Reached XP level 6. HP: 44/51 MP: 5/5
  3214 | Ossuary  | Reached skill level 8 in Unarmed Combat
  3522 | Ossuary  | Noticed Nyaaners's ghost (novice NaMo)
  3548 | Ossuary  | Killed Nyaaners's ghost
  3548 | Ossuary  | Reached skill level 9 in Unarmed Combat
  3548 | Ossuary  | Reached XP level 7. HP: 49/57 MP: 6/6
  3569 | Ossuary  | Reached skill level 10 in Unarmed Combat
  3794 | Ossuary  | Reached XP level 8. HP: 33/62 MP: 7/7
  4148 | D:4      | HP: 3/62 [ogre/giant club (10)]
  4473 | D:4      | Reached skill level 11 in Unarmed Combat
  5066 | D:4      | Noticed Pikel
  5084 | D:4      | Killed Pikel
  5084 | D:4      | Reached skill level 12 in Unarmed Combat
  5084 | D:4      | Reached XP level 9. HP: 48/69 MP: 8/8
  5389 | D:4      | Reached skill level 13 in Unarmed Combat
  5640 | D:5      | Entered Level 5 of the Dungeon
  5656 | D:5      | Found a stormy altar of Qazlal.
  5668 | D:5      | Became a worshipper of Qazlal Stormbringer
  5668 | D:5      | Reached * piety under Qazlal
  5668 | D:5      | Reached ** piety under Qazlal
  5723 | D:5      | Found a white marble altar of Elyvilon.
  5723 | D:5      | Found a glowing golden altar of the Shining One.
  5723 | D:5      | Found a glowing silver altar of Zin.
  5835 | D:5      | Found a staircase to the Ecumenical Temple.
  5955 | D:5      | Reached skill level 1 in Invocations
  6040 | D:5      | Noticed Crazy Yiuf
  6044 | D:5      | Killed Crazy Yiuf
  6299 | D:6      | Reached skill level 5 in Fighting
  6319 | D:6      | Found a deep blue altar of Sif Muna.
  6589 | D:6      | Found an iron altar of Okawaru.
  6819 | D:6      | Found a shadowy altar of Dithmenos.
  7147 | D:7      | Reached XP level 10. HP: 73/83 MP: 11/11
  7264 | D:7      | Found a snail-covered altar of Cheibriados.
  7316 | D:7      | Reached skill level 1 in Armour
  7412 | D:7      | Found Raip Oci's Book Shoppe.
  7417 | D:7      | Reached *** piety under Qazlal
  7431 | D:7      | Noticed Dowan
  7433 | D:7      | Noticed Duvessa
  7437 | D:7      | Killed Dowan
  7442 | D:7      | Killed Duvessa
  7645 | D:7      | Found Wicsylli's Weapon Emporium.
  7774 | D:7      | Found Canujo's Distillery.
  7786 | D:7      | Bought a potion of heal wounds for 65 gold pieces
  7786 | D:7      | Bought a potion of heal wounds for 65 gold pieces
  7786 | D:7      | Bought a potion of might for 52 gold pieces
  7807 | D:7      | Reached skill level 14 in Unarmed Combat
  7880 | D:7      | Found a burning altar of Makhleb.
  7880 | D:7      | Found a sparkling altar of Nemelex Xobeh.
  8230 | D:8      | Reached skill level 5 in Invocations
  8300 | D:8      | Found Lerchozok's Armour Shoppe.
  8308 | D:8      | Bought a +2 pair of boots for 165 gold pieces
  8321 | D:8      | Found Acefiliu's General Store.
  8372 | D:8      | Found Tuovon's Jewellery Shoppe.
  8376 | D:8      | Found Tyobuaf's Book Shop.
  8727 | D:8      | Found Elinix's Book Boutique.
  8759 | D:8      | Reached skill level 5 in Armour
  8806 | D:8      | Found a sacrificial altar of Ru.
  8969 | D:8      | Found a basalt altar of Yredelemnul.
  9027 | D:8      | Noticed Erolcha
  9027 | D:8      | Noticed Psyche
  9032 | D:8      | Killed Psyche
  9039 | D:8      | Killed Erolcha
  9039 | D:8      | Reached XP level 11. HP: 58/89 MP: 2/14
  9501 | D:9      | Found a hazy altar of Hepliaklqana.
  9943 | D:10     | Entered Level 10 of the Dungeon
  9965 | D:10     | Reached **** piety under Qazlal
 10699 | D:10     | Noticed a hill giant
 10707 | D:10     | Killed a hill giant
 10805 | D:11     | Noticed a hill giant
 10811 | D:11     | Killed a hill giant
 10935 | D:11     | Noticed a hill giant
 10940 | D:11     | Killed a hill giant
 10971 | D:11     | Found a staircase to the Lair.
 11292 | D:11     | Killed an unseen horror
 11292 | D:11     | Reached skill level 15 in Unarmed Combat
 11357 | D:11     | Reached XP level 12. HP: 53/100 MP: 11/18
 11371 | D:11     | Reached ***** piety under Qazlal
 11677 | D:11     | Noticed a five-headed hydra
 11683 | D:11     | Killed a five-headed hydra
 12095 | Lair:1   | Entered Level 1 of the Lair of Beasts
 12205 | Lair:1   | Reached skill level 10 in Invocations
 12265 | Lair:1   | Noticed Fannar
 12285 | Lair:1   | Killed Fannar
 13263 | Lair:2   | Noticed Gastronok
 13278 | Lair:2   | Killed Gastronok
 13379 | Lair:2   | Reached XP level 13. HP: 110/110 MP: 20/20
 13552 | Lair:2   | Reached skill level 16 in Unarmed Combat
 13690 | Lair:2   | Noticed Harold
 13700 | Lair:2   | Killed Harold
 13814 | Lair:2   | You fall through a shaft for 2 floors!
 14440 | Lair:3   | Reached skill level 10 in Fighting
 14729 | Lair:3   | Reached ****** piety under Qazlal
 14731 | Lair:3   | Reached skill level 1 in Shields
 14800 | Lair:3   | Found a hole to the Spider Nest.
 15891 | Lair:5   | Found a staircase to the Shoals.
 17203 | Lair:6   | Noticed Nessos
 17218 | Lair:6   | Noticed Rupert
 17221 | Lair:6   | Shot with an arrow by Nessos

Vault maps used:
D:1:      roderic_chinese_lattice_arrival, lexackson_kobold_supper
D:2:      nicolae_overflow_crystal_walls, nicolae_overflow_hidden_temple,
          kennysheep_crisscross
D:3:      lemuel_upstairs_altar, serial_bayou, serial_bayou_ford_a,
          serial_bayou_shore_b, serial_bayou_shore_b, serial_bayou_crossing,
          serial_bayou_lagoon_a, serial_bayou_shore_a
D:4:      old_forge, first_bread, enter_ossuary_3, uniq_pikel
D:5:      good_gods_mini_temple, old_standard_altar, minmay_temple_entry_grid,
          uniq_crazy_yiuf_cottage
D:6:      old_standard_altar, basic_altar, nrook_mini_vaults,
          nicolae_dithmenos_the_darkroom
D:7:      kennysheep_mini_moat, gammafunk_temple_overflow_wave, serial_shops,
          shop, shop, nicolae_shop_window_shopping, grunt_livestock,
          minmay_misc_feat_ornament, uniq_duvessa
D:8:      yredelemnul_altar_generic, nicolae_ru_the_path_less_chosen,
          serial_shops, shop, nicolae_shop_crystal, shop_fountains,
          nicolae_shop_window_shopping, nicolae_shop_stone, uniq_erolcha,
          uniq_psyche
D:9:      kennysheep_mini
D:11:     lair_0_dummy, serial_bayou, serial_bayou_pond_d, serial_bayou_pond_c,
          serial_bayou_pond_e, serial_bayou_pond_b
D:12:     orc_0_dummy, pond
Lair:1:   bh_autumn_forest_stairs, grunt_megastairs_2, lemuel_fruit_fields,
          lemuel_fruit_tree, serial_bayou_shore_b, uniq_fannar
Lair:2:   grunt_megastairs_3, uniq_gastronok, uniq_harold
Lair:3:   spider_nest_entry_web_field, grunt_megastairs_5
Lair:5:   minmay_shoals_entry_centaurs
Lair:6:   slime_altar_2, basic_altar, uniq_nessos, uniq_rupert
Ossuary:  ossuary_zaba_flooded

Skill      XL: |  1  2  3  4  5  6  7  8  9 10 11 12 13 |
---------------+----------------------------------------+-----
Unarmed Combat | 5 6 7 9 10 12 13 14 15 16 | 16.6
Invocations    | 3 6 9 10 11 | 11.8
Fighting       | 6 7 9 10 | 10.7
Armour         | 5 6 8 9 |  9.6
Shields        | 2 |  2.6
Dodging        | |  2.6
Stealth        | |  2.1

Action                   |  1- 3 |  4- 6 |  7- 9 | 10-12 | 13-15 || total
-------------------------+-------+-------+-------+-------+-------++-------
Melee: Unarmed           |   134 |   151 |   325 |   663 |   488 ||  1761
       Punch             |     2 |     2 |    11 |    30 |    32 ||    77
Invok: Upheaval          |       |       |       |     6 |       ||     6
  Use: Scroll            |       |     2 |    17 |     5 |     2 ||    26
       Potion            |       |     2 |     1 |     4 |     6 ||    13
 Stab: Sleeping          |     3 |       |       |       |       ||     3
       Held in net/web   |       |       |     1 |       |       ||     1
  Eat: Chunk             |     8 |    14 |    38 |    80 |    51 ||   191
       Meat ration       |       |       |       |     1 |       ||     1
Armor: Robe              |    39 |     1 |       |       |       ||    40
       Plate armour      |       |    73 |   105 |       |       ||   178
       Ring mail         |       |       |    24 |       |       ||    24
       Chain mail        |       |       |     8 |   253 |   199 ||   460
Dodge: Dodged            |   101 |    32 |    92 |   170 |   147 ||   542
       Deflected         |       |       |       |     3 |     8 ||    11
Block: Other             |       |       |    11 |   101 |   158 ||   270
